 Dungeon Crawl Stone Soup version 0.27.1-3-gb3d3a73c9e (webtiles) character file.

Game seed: 4912315683695425134

936 curiousnu the Chopper (level 7, 0/52 HPs)
             Began as a Demonspawn Gladiator on Oct 19, 2021.
             Was a Follower of Qazlal.
             Succumbed to a gnoll's poison
             ... in the Ecumenical Temple.
             The game lasted 00:14:07 (5420 turns).

curiousnu the Chopper (Demonspawn Gladiator)        Turns: 5420, Time: 00:14:07

Health: 0/52       AC: 11    Str: 17    XL:     7   Next: 87%
Magic:  7/7        EV: 10    Int:  9    God:    Qazlal [*.....]
Gold:   219        SH:  1    Dex: 14    Spells: 6/6 levels left

rFire    . . .     SeeInvis .   f - +0 war axe (flame)
rCold    . . .     Faith    .   (no shield)
rNeg     . . .     Spirit   .   g - +0 chain mail
rPois    .         Reflect  .   c - +0 helmet
rElec    .         Harm     .   j - +0 cloak
rCorr    .         Rampage  .   (no gloves)
Will     .....                  (no boots)
Stlth    ..........             (no amulet)
HPRegen  0.17/turn              (no ring)
MPRegen  0.10/turn              (no ring)

@: lethally poisoned (0 -> -6)
A: hooves 2, repulsion field 1, foul stench 1, powered by pain 1
a: Renounce Religion


You were in the Ecumenical Temple.
You worshipped Qazlal.
Qazlal was aware of your devotion.
You visited 2 branches of the dungeon, and saw 6 of its levels.
You also visited: Sewer.

You collected 219 gold pieces.

Inventory:

Hand Weapons
 a - a +0 war axe
 f - a +0 war axe of flaming (weapon)
Missiles
 d - 3 throwing nets
 n - 16 poisoned darts (quivered)
Armour
 b - a +0 leather armour
 c - a +0 helmet (worn)
 e - a +0 ring mail
 g - a +0 chain mail (worn)
 j - a +0 cloak (worn)
 p - a scarf of shadows
Scrolls
 i - a scroll of amnesia {unknown}
 k - a scroll of blinking {unknown}
 l - 3 scrolls of fog {unknown}
 o - 2 scrolls of teleportation {unknown}
 r - a scroll of identify
 s - 3 scrolls of fear {unknown}
Potions
 h - a potion of attraction
 m - a potion of invisibility {unknown}
 q - a potion of lignification {unknown}


   Skills:
 + Level 3.6 Fighting
 + Level 6.3 Axes
 + Level 3.1 Throwing
 + Level 3.3 Armour
 + Level 3.7 Dodging


You had 6 spell levels left.
You didn't know any spells.
Your spell library contained the following spells:

 Spells                   Type           Power      Damage    Failure   Level
 Pain                     Necr           0%         1d4       99%         1
 Summon Guardian Golem    Hex/Summ       0%         N/A       100%        3
 Agony                    Necr           0%         N/A       100%        5
 Excruciating Wounds      Necr           0%         N/A       100%        5
 Orb of Destruction       Conj           0%         N/A       100%        7
 Spellforged Servitor     Conj/Summ      0%         N/A       100%        7


Dungeon Overview and Level Annotations

Branches:
Dungeon (5/15)             Temple (1/1) D:4           Sewer (visited)

Altars:
Ashenzari
Cheibriados
Dithmenos
Fedhas
Gozag
Hepliaklqana
Kikubaaqudgha
Qazlal
Ru
Vehumet
Wu Jian
Xom
Zin
The Shining One


Innate Abilities, Weirdness & Mutations

You have hoof-like feet.
You are surrounded by a mild repulsion field. (EV +2)
You may rarely emit foul miasma when damaged in melee.
You sometimes gain a little power by taking damage.


Message History

You barely miss the gnoll.
You feel very sick. The gnoll closely misses you.
The gnoll hits you from afar with a +0 spear!
The gnoll hits you but does no damage.
You are more poisoned.
The gnoll misses you.
You feel very sick.
You feel sick.
You feel sick.
You feel sick.
You feel sick.
You feel sick.
You feel sick.
You feel sick.
You feel sick.
You feel sick.
You are no longer poisoned.
There is a staircase to the Ecumenical Temple here.
The gnoll hits you but does no damage.
You climb downwards.
Welcome back to the Ecumenical Temple!
There is a staircase back to the Dungeon here.
You barely miss the gnoll. Your kick misses the gnoll.
The gnoll hits you with a +0 whip of venom.
* * * LOW HITPOINT WARNING * * *
You are lethally poisoned!
You hit the gnoll. You burn the gnoll. Your kick misses the gnoll.
The gnoll is moderately wounded.
* * * LOW HITPOINT WARNING * * *
You feel very sick. The gnoll barely misses you.
You hit the gnoll. You burn the gnoll. You kick the gnoll.
You kill the gnoll!
Qazlal accepts your kill.
You are now surrounded by a storm.
* * * LOW HITPOINT WARNING * * *
You feel very sick.
* * * LOW HITPOINT WARNING * * *
You feel sick.
You see here a +0 whip of venom.
You die...

♣♣♣♣♣♣♣♣♣♣♣♣♣♣♣♣♣♣♣♣
♣..........P........
♣.8.....8...........
♣...................
♣...........P.......
♣...................
♣...................
♣............♣.♣.♣.♣
♣.⌠@....⌠...........
♣...)...............
♣....<..............
♣...................
♣.⌠.....⌠...........
♣............♣.♣.♣.♣
♣...................
♣.............P.....
♣.............P.....


There were no monsters in sight!

Vanquished Creatures
  Grinder (D:3)
  A water moccasin (D:3)
  Purgy (Sewer)
  An ogre (D:4)
  A gnoll shaman (D:4)
  An orc priest (D:4)
  Jessica (D:3)
  3 iguanas
  Natasha (twice) (D:3)
  An adder (D:3)
  11 gnolls
  A river rat (D:5)
  An adder skeleton (D:4)
  6 worms
  A dart slug (D:4)
  6 orcs (D:3)
  5 ball pythons
  6 bats
  5 endoplasms
  4 giant cockroaches
  5 goblins
  4 hobgoblins
  4 jackals (D:3)
  8 kobolds
  2 quokkas
  4 frilled lizards
  7 rats
93 creatures vanquished.

Notes
Turn   | Place    | Note
-------+----------+-------------------------------------------
     0 | D:1      | curiousnu the Demonspawn Gladiator began the quest for the
                  | Orb.
     0 | D:1      | Reached XP level 1. HP: 16/16 MP: 1/1
   415 | D:1      | Gained mutation: You are surrounded by a mild repulsion
                  | field. (EV +2) [demonic ancestry]
   415 | D:1      | Reached XP level 2. HP: 9/22 MP: 2/2
   771 | D:1      | Found a faded altar of an unknown god.
   850 | D:1      | Reached skill level 3 in Axes
  1382 | D:2      | Reached XP level 3. HP: 15/27 MP: 3/3
  1801 | D:3      | Noticed a water moccasin
  1801 | D:3      | Noticed Grinder
  1905 | D:3      | Noticed Natasha
  2584 | D:3      | Noticed Jessica
  2590 | D:3      | Killed Jessica
  2591 | D:3      | Reached skill level 1 in Armour
  2591 | D:3      | Gained mutation: You have large cloven feet. [demonic
                  | ancestry]
  2591 | D:3      | Reached XP level 4. HP: 15/34 MP: 4/4
  2822 | D:3      | Reached skill level 4 in Axes
  3124 | D:3      | Killed a water moccasin
  3125 | D:3      | Gained mutation: You may rarely emit foul miasma when
                  | damaged in melee. [demonic ancestry]
  3125 | D:3      | Reached XP level 5. HP: 12/40 MP: 5/5
  3475 | D:3      | Killed Grinder
  3476 | D:3      | Reached skill level 5 in Axes
  3476 | D:3      | Gained mutation: You sometimes gain a little power by
                  | taking damage. [demonic ancestry]
  3476 | D:3      | Reached XP level 6. HP: 21/47 MP: 6/6
  3528 | D:3      | Killed Natasha
  3699 | D:3      | Noticed Natasha
  3706 | D:3      | Killed Natasha
  3707 | D:3      | Gained mutation: You have hoof-like feet. [demonic
                  | ancestry]
  3707 | D:3      | Reached XP level 7. HP: 52/52 MP: 7/7
  3787 | D:3      | Found a shadowy altar of Dithmenos.
  3978 | D:3      | Found a sacrificial altar of Ru.
  4099 | D:4      | Found a staircase to the Ecumenical Temple.
  4117 | Temple   | Entered the Ecumenical Temple
  4367 | Temple   | Became a worshipper of Qazlal Stormbringer
  4477 | D:4      | HP: 2/52 [gnoll (8)]
  4813 | D:3      | Found a hazy altar of Hepliaklqana.
  4925 | D:5      | Entered Level 5 of the Dungeon
  4951 | D:5      | Reached skill level 6 in Axes
  5007 | D:5      | Found a glowing drain.
  5024 | Sewer    | Entered a sewer
  5151 | Sewer    | Noticed Purgy
  5161 | Sewer    | Killed Purgy
  5393 | D:4      | Found a broken altar of Ashenzari.
  5418 | Temple   | Reached * piety under Qazlal
  5419 | Temple   | HP: 2/52 [poisoned by a gnoll]
  5420 | Temple   | Succumbed to a gnoll's poison

Illustrated notes

Levels and vault maps discovered:
D:1:      giann_bridges, layout_loops_corners,
          hellmonk_ecumenical_altar_zigzags, minmay_fountain_box,
          minmay_distorted
D:2:      layout_loops_corners, serial_bayou_ford_a, kennysheep_generic_room_7
D:3:      layout_basic, nicolae_overflow_hidden_temple, kennysheep_boxes,
          uniq_jessica, uniq_natasha, uniq_grinder
D:4:      layout_loops_cross, trog_butcher_becter, ashenzari_altar_1,
          lemuel_mausoleum_altar_yredelemnul, minmay_temple_entry_proselytizer,
          uniq_menkaure
D:5:      kennysheep_windowed_halls, layout_loops_corners,
          makhleb_blood_cavern_becter, serial_bayou, serial_bayou_pond_d,
          serial_bayou_pond_a, serial_bayou_shore_b, serial_bayou_pond_d,
          lightli_sewer_entry_pipes, minmay_misc_feat_rows, sigmund_army,
          uniq_duvessa, uniq_sigmund, uniq_prince_ribbit1
Temple:   jpeg_temple_alley_garden

Skill      XL: |  1  2  3  4  5  6  7 |
---------------+----------------------+-----
Dodging        | 3 |  3.7
Axes           | 3 4 5 6 |  6.3
Armour         | 1 2 3 |  3.3
Throwing       | 2 3 |  3.1
Fighting       | 3 |  3.6

Action                   |  1- 3 |  4- 6 |  7- 9 || total
-------------------------+-------+-------+-------++-------
Melee: War axe           |   121 |    51 |    98 ||   270
       Kick              |       |    17 |    24 ||    41
Throw: Dart              |       |    25 |     4 ||    29
  Use: Scroll            |       |     2 |       ||     2
       Potion            |       |     1 |     1 ||     2
Armor: Leather armour    |     3 |       |       ||     3
       Ring mail         |    51 |    16 |       ||    67
       Chain mail        |       |     3 |    48 ||    51
Dodge: Dodged            |   115 |    55 |    66 ||   236
